 Dungeon Crawl Stone Soup version 0.27-a0-1081-ge8a0a9c698 (webtiles) character file.

Game seed: 11991739124043081088

91 porpoise the Magician (level 4, -2/34 HPs)
             Began as a Djinni Venom Mage on Apr 25, 2021.
             Slain by a gnoll
             ... wielding a +0 halberd
              (11 damage)
             ... on level 3 of the Dungeon.
             The game lasted 00:07:15 (2858 turns).

porpoise the Magician (Djinni Venom Mage)           Turns: 2858, Time: 00:07:19

Health: -2/34      AC:  2    Str:  7    XL:     4   Next: 59%
Gold:   113        EV: 12    Int: 17    God:
                   SH:  0    Dex: 14

rFire    + + .     SeeInvis .   a - +4 dagger
rCold    x . .     Faith    .   (no shield)
rNeg     . . .     Spirit   .   g - +0 robe
rPois    ∞         Reflect  .   (no helmet)
rElec    .         Harm     .   (no cloak)
rCorr    .         Rampage  .   (no gloves)
Will     .....                  (boots unavailable)
Stlth    ++........             (no amulet)
HPRegen  0.11/turn              (no ring)
MPRegen  0.00/turn              (no ring)

@: flying
A: fire resistance 2, cold vulnerability 1, float, innate caster, hp casting,
extra vitality 1
a: no special abilities


You were on level 3 of the Dungeon.
You visited 1 branch of the dungeon, and saw 3 of its levels.

You collected 113 gold pieces.

Inventory:

Hand Weapons
 a - a +4 dagger (weapon)
 i - a +0 mace
Missiles
 d - 19 sling bullets
 f - 24 bolts
 h - 27 stones
Armour
 g - a +0 robe (worn)
 j - a +0 buckler
Scrolls
 k - a scroll of acquirement {unknown}
 l - a scroll of amnesia {unknown}
 m - a scroll of teleportation {unknown}
 p - a scroll of holy word {unknown}
 q - a scroll of identify {unknown}
Potions
 b - 2 potions of curing {unknown}
 c - a potion of experience {unknown}
 e - 2 potions of degeneration {unknown}
 n - a potion of magic {unknown}
 o - a potion of attraction {unknown}


   Skills:
 + Level 2.7 Fighting
 - Level 2.1 Dodging
 - Level 1.5 Stealth
 + Level 3.6 Spellcasting


You couldn't memorise any spells.
You knew the following spells:

 Your Spells              Type           Power      Damage    Failure   Level
a - Sting                 Tmut/Pois      60%        1d6       3%          1
i - Ignite Poison         Fire/Tmut/Pois 15%        N/A       11%         3
k - Animate Skeleton      Necr           30%        N/A       3%          1
m - Mephitic Cloud        Conj/Pois/Air  15%        N/A       11%         3
o - Olgreb's Toxic Radia  Pois           15%        N/A       34%         4
v - Poisonous Vapours     Pois/Air       30%        N/A       5%          2
Your spell library was empty.

Dungeon Overview and Level Annotations

Branches:
Dungeon (3/15)

Altars:


Innate Abilities, Weirdness & Mutations

You are immune to poison.
Your flesh is very heat resistant. (rF++)
You are vulnerable to cold. (rC-)
You float through the air rather than walking.
You learn spells naturally, not from books.
Your magical power is your life essence.
You have superior vitality. (+4 HP)


Message History

Aim: a ball python (71% to hit)
The sting hits the ball python.
The ball python is poisoned.
The ball python is severely wounded.
The ball python bites you. The ball python grabs you.
The ball python constricts you.
You barely miss the ball python.
The ball python is severely wounded.
You kill the ball python!
Casting: Sting (safe; 3% risk of failure)
Confirm with . or Enter, or press ? or * to list all spells.
Aiming: Sting (safe; 3% risk of failure)
Press: ? - help, Shift-Dir - straight line, f - goblin
Aim: a goblin, wielding a +0 club (67% to hit)
The sting hits the goblin.
The goblin is poisoned.
You kill the goblin!
HP restored.
You see here a +0 club.
q - a scroll labelled ISUNAI WULISEI You see here a +0 robe.
A gnoll comes into view. It is wielding a +0 halberd.
The gnoll shouts!
You hear a shout!
The gnoll hits you from afar with a +0 halberd!
Casting: Sting (safe; 3% risk of failure)
Confirm with . or Enter, or press ? or * to list all spells.
Aiming: Sting (safe; 3% risk of failure)
Press: ? - help, Shift-Dir - straight line, f - gnoll
Aim: a gnoll, wielding a +0 halberd (77% to hit)
The sting misses the gnoll.
The gnoll hits you from afar with a +0 halberd!
* * * LOW HITPOINT WARNING * * *
Casting: Sting (safe; 3% risk of failure)
Confirm with . or Enter, or press ? or * to list all spells.
Aiming: Sting (safe; 3% risk of failure)
Press: ? - help, Shift-Dir - straight line, f/p - gnoll
Aim: a gnoll, wielding a +0 halberd (77% to hit)
The sting hits the gnoll but does no damage.
The gnoll is poisoned.
* * * LOW HITPOINT WARNING * * *
The gnoll hits you from afar with a +0 halberd!
You die...

#.# ##....###
#.# #.##.# #.#
#.##.# #.##.#
#.##.# .#.#.#
## # #..####.#
#.## ##......#
#!@###..######
#.#[#.#.#
.g.#..##.#
##........#
##......##
#...##.#
#.......
##.#.#.## #. .
#


You could see a gnoll (poisoned).

Vanquished Creatures
  An iguana (D:2)
  2 adders (D:2)
  A worm (D:2)
  A dart slug (D:2)
  4 bats
  4 endoplasms
  A giant cockroach (D:1)
  4 goblins
  3 jackals (D:1)
  4 kobolds
  3 quokkas
  7 ball pythons
  2 frilled lizards (D:1)
  6 rats
43 creatures vanquished.

Notes
Turn   | Place    | Note
-------+----------+-------------------------------------------
     0 | D:1      | porpoise the Djinni Venom Mage began the quest for the Orb.
     0 | D:1      | Reached XP level 1. HP: 15/15 MP: 0/0
   451 | D:1      | Reached skill level 1 in Fighting
   451 | D:1      | Reached XP level 2. HP: 18/22 MP: 0/0
   774 | D:1      | Reached skill level 3 in Spellcasting
  1298 | D:1      | Reached XP level 3. HP: 21/28 MP: 0/0
  1298 | D:1      | Learned a level 1 spell: Animate Skeleton
  1975 | D:2      | Reached XP level 4. HP: 8/34 MP: 0/0
  2270 | D:2      | Found a faded altar of an unknown god.
  2858 | D:3      | Slain by a gnoll

Illustrated notes

Levels and vault maps discovered:
D:1:      dpeg_arrival_stonehenge_8_columns, layout_loops_ring
D:2:      layout_rooms, hellmonk_ecumenical_altar_leap_of_faith, minivault_14
D:3:      layout_loops_ring, kennysheep_vampire_church,
          minmay_misc_feat_enclosed

Skill      XL: |  1  2  3 |
---------------+----------+-----
Fighting       | 1 2 |  2.7
Spellcasting   | 3 |  3.6
Dodging        | |  2.1
Stealth        | |  1.5

Action                   |  1- 3 |  4- 6 || total
-------------------------+-------+-------++-------
Melee: Dagger            |    19 |     3 ||    22
       Unarmed           |     1 |       ||     1
       Mace              |     1 |       ||     1
 Cast: Sting             |    54 |    18 ||    72
       Ignite Poison     |     1 |     1 ||     2
       Poisonous Vapours |       |     1 ||     1
 Stab: Sleeping          |     1 |       ||     1
Armor: Robe              |     9 |     1 ||    10
Dodge: Dodged            |    23 |     4 ||    27

Table legend: (Time is in decaauts)
 A = Elapsed time spent in this place.
 B = Non-inter-level travel time spent in this place.
 C = Inter-level travel time spent in this place.
 D = Time resting spent in this place.
 E = Time spent auto-exploring this place.
 F = Levels seen in this place.
 G = Mean time per level.
                   A        B        C        D        E       F      G
               +--------+--------+--------+--------+--------+-----+--------+
         Total |   2857 |   2813 |     44 |   1304 |   1207 |   3 |  952.3 |
       Dungeon |   2857 |   2813 |     44 |   1304 |   1207 |   3 |  952.3 |
               +--------+--------+--------+--------+--------+-----+--------+

Top non-repeatable levels by time:
     D:1: 1866 daAuts
     D:2: 944 daAuts
     D:3: 46 daAuts
